 Dungeon Crawl Stone Soup version 0.17-a0-1301-ga863c44 (webtiles) character file.

361 Fluffy the Skirmisher (level 6, -2/40 HPs)
             Began as a Gargoyle Fighter on June 7, 2015.
             Slain by a mummy (7 damage)
             ... in an ossuary.
             The game lasted 00:04:53 (1713 turns).

Fluffy the Skirmisher (Gargoyle Fighter)            Turns: 1713, Time: 00:04:53

Health: -2/40      AC: 17    Str: 19    XL:     6   Next: 66%
Magic:  6/6        EV:  7    Int:  9    God:
Gold:   174        SH:  9    Dex: 11    Spells: 0 memorised, 5 levels left

rFire  . . .     SeeInvis .     a - +0 flail
rCold  . . .     Clarity  .     p - +3 scale mail
rNeg   + . .     SustAt   .     c - +0 shield
rPois  ∞         Gourm    .     (no helmet)
rElec  +         Spirit   .     r - +0 cloak
rCorr  .         Warding  .     (no gloves)
rMut   +         Stasis   .     q - +0 pair of boots
MR     .....                    f - amulet of resist mutation
Stlth  ..........               (no ring)
                                (no ring)

@: not resistant to hostile enchantments, extremely unstealthy
A: negative energy resistance 1, electricity resistance, unbreathing,
petrification resistance, rot immunity, AC +4
a: no special abilities


You were in an ossuary.
You were not hungry.

You visited 1 branch of the dungeon, and saw 4 of its levels.
You also visited: Ossuary.

You collected 174 gold pieces.

Inventory:

Hand weapons
 a - a +0 flail (weapon)
Armour
 c - a +0 shield (worn)
 p - a +3 scale mail (worn)
 q - a +0 pair of boots (worn)
 r - a +0 cloak (worn)
Jewellery
 f - an amulet of resist mutation (around neck)
Scrolls
 m - a scroll of remove curse
Potions
 d - 6 potions of might
 g - a potion of resistance
 h - 2 potions of lignification
 j - 2 potions of heal wounds
 l - a potion of curing {unknown}
 t - a potion of ambrosia {unknown}
Comestibles
 b - 2 slices of pizza
 e - 3 bread rations
 o - 3 meat rations


   Skills:
 + Level 5.0 Fighting
 + Level 3.9 Maces & Flails
 + Level 4.5 Armour
 + Level 4.9 Shields


You had 5 spell levels left.
You didn't know any spells.

Dungeon Overview and Level Annotations

Branches:
Dungeon (4/15)
 Temple: D:4-7

Altars:


Innate Abilities, Weirdness & Mutations

You are resistant to torment.
Your stone body is resilient (AC +4).
You are immune to poison.
You resist negative energy.
You are resistant to electric shocks.
You can survive without breathing.
You are immune to petrification.
You are immune to rotting.


Message History

You block the big kobold zombie's attack.
The mummy hits you!
* * * LOW HITPOINT WARNING * * *
You block the big kobold zombie's attack.
You sock the big kobold zombie!
You block the big kobold zombie's attack.
You hit the mummy.
The mummy is almost destroyed.
The big kobold zombie hits you but does no damage.
You barely miss the mummy.
The mummy is almost destroyed.
The mummy closely misses you.
The big kobold zombie closely misses you.
You barely miss the mummy.
The mummy is almost destroyed.
The big kobold zombie hits you but does no damage.
You barely miss the mummy.
The mummy is almost destroyed.
The mummy hits you!
You die...

...........
#........
#......
#....#
#....#
#....#
#...Z#
#..ZM#
#...@#
#....#
#....#
#.∩∩.#
######


You could see a mummy, a hobgoblin zombie and a big kobold zombie.

Vanquished Creatures
  Grinder (D:3)
  Terence (D:2)
  3 mummies (Ossuary)
  5 adders
  An ooze (D:1)
  2 worms (D:2)
  11 bats
  4 giant cockroaches
  A gnoll zombie (Ossuary)
  5 hobgoblins
  3 kobolds
  4 giant newts
  6 goblins
  2 kobold zombies (Ossuary)
  3 orc zombies (Ossuary)
  6 rats
58 creatures vanquished.

Notes
Turn   | Place    | Note
--------------------------------------------------------------
     0 | D:1      | Fluffy the Gargoyle Fighter began the quest for the Orb.
     0 | D:1      | Reached XP level 1. HP: 14/14 MP: 1/1
     7 | D:1      | Noticed a swamp drake
     7 | D:1      | Noticed a polar bear
     7 | D:1      | Noticed a water moccasin
     7 | D:1      | Noticed a killer bee
   111 | D:1      | Reached XP level 2. HP: 17/19 MP: 2/2
   361 | D:1      | Reached XP level 3. HP: 20/24 MP: 3/3
   572 | D:2      | Reached skill level 4 in Fighting
   578 | D:2      | Noticed Terence
   595 | D:2      | Killed Terence
   595 | D:2      | Reached XP level 4. HP: 29/29 MP: 4/4
  1048 | D:3      | Reached XP level 5. HP: 28/33 MP: 5/5
  1119 | D:3      | Noticed Grinder
  1150 | D:3      | Killed Grinder
  1150 | D:3      | Reached XP level 6. HP: 25/40 MP: 6/6
  1630 | D:4      | Found a sand-covered staircase.
  1635 | Ossuary  | Entered an ossuary
  1705 | Ossuary  | Reached skill level 5 in Fighting
  1713 | Ossuary  | Slain by a mummy

Vault maps used:
D:1:      onia_arrival_zoo_common
D:2:      first_bread, grunt_decor_fettered, serial_bayou_crossing, uniq_terence
D:3:      uniq_grinder
D:4:      tgw_trog, lightli_ossuary_entry_decrepit_ruins, hangedman_glass_teeth,
          grunt_decor_resistance
Ossuary:  ossuary_tomb_3

Action                   |  1- 3 |  4- 6 || total
-------------------------+-------+-------++-------
Melee: Flail             |   108 |   172 ||   280
  Use: Scroll            |       |     8 ||     8
  Eat: Chunk             |       |     3 ||     3
